 Dungeon Crawl Stone Soup version 0.32-a0-960-g3814254bd7 (webtiles) character file.

Game seed: 9513151169187744909

220882 IndexError the Bludgeoner (level 19, -12/157 HPs)
             Began as a Gnoll Conjurer on Apr 17, 2024.
             Was an Elder of Ashenzari.
             Killed from afar by Bai Suzhen (39 damage)
             ... with a torrent of water
             ... on level 3 of the Spider Nest.
             The game lasted 01:35:49 (37952 turns).

IndexError the Bludgeoner (Gnoll Conjurer)         Turns: 37952, Time: 01:35:49

Health: -12/157    AC: 26    Str:  8    XL:     19   Next: 19%
Magic:  7/48       EV: 15    Int: 24    God:    Ashenzari [****..]
Gold:   2074       SH:  0    Dex:  8    Spells: 5/51 levels left

rFire   + + +        q - +8 longbow "Circumscribed With Me" {drain, rCorr MP+9, Fort, Range} (curse)
rCold   + . .        (shield currently unavailable)
rNeg    . . .        n - +3 robe of the Fated Jealousy {rPois rF+++ rC- Will+, Cun, Self} (curse)
rPois   +            v - +2 helmet "All-seeing Repose" {Elem, Melee} (curse)
rElec   +            M - +4 cloak of the Beginning {^Contam Fly rC+}
rCorr   +            t - +2 pair of gloves of the Clairvoyant Burden {Range, Elem} (curse)
SInv    +            k - +1 pair of boots of the Restrained Augur {Self, Fort} (curse)
Will    ++...        m - amulet of the Unveiling Welkin {Regen+, +regen, !d, Elem, Cun} (curse)
Stlth   ++++++       U - ring of Traps {rElec rC+ Str+4 SInv}
HPRegen 1.26/turn    P - ring of Xiucoun {AC+4 Str-2 Dex-5 Slay+4 SInv}
MPRegen 0.31/turn

%: clarity
@: flying, studying 3 skills
A: fangs 1, strong nose, distributed training
}: 1/15 runes: decaying
a: Renounce Religion, Curse Item, Shatter the Chains


You were on level 3 of the Spider Nest.
You worshipped Ashenzari.
Ashenzari was greatly pleased with you.
You visited 7 branches of the dungeon, and saw 31 of its levels.
You also visited: Ice Cave.

You collected 4208 gold pieces.
You spent 2134 gold pieces at shops.

Inventory:

Hand Weapons
 q - the cursed +8 longbow "Circumscribed With Me" (weapon) {drain, rCorr MP+9, Fort, Range}
   (You bought it in a shop on level 1 of the Dungeon)

   MP+9:      It affects your magic capacity (+9).
   rCorr:     It protects you from acid and corrosion.
   It has a curse which improves the following skills: Fortitude: Armour and
   Shields.
   Ranged Combat: Ranged Weapons and Throwing.
Missiles
 J - a throwing net {=f, !d}
Armour
 k - the cursed +1 pair of boots of the Restrained Augur (worn) {Self, Fort}
   (You found it on level 2 of the Dungeon)

   It has a curse which improves the following skills: Introspection: Fighting
   and Spellcasting.
   Fortitude: Armour and Shields.
 n - the cursed +3 robe of the Fated Jealousy (worn) {rPois rF+++ rC- Will+, Cun, Self}
   (You found it on level 3 of the Dungeon)

   rF+++:     It renders you almost immune to fire.
   rC-:       It makes you vulnerable to cold.
   rPois:     It protects you from poison.
   Will+:     It increases your willpower.
   It has a curse which improves the following skills: Cunning: Dodging and
   Stealth.
   Introspection: Fighting and Spellcasting.
 t - the cursed +2 pair of gloves of the Clairvoyant Burden (worn) {Range, Elem}
   (You found it on level 3 of the Dungeon)

   It has a curse which improves the following skills: Ranged Combat: Ranged
   Weapons and Throwing.
   Elements:  Fire Magic, Ice Magic, Air Magic and Earth Magic.
 v - the cursed +2 helmet "All-seeing Repose" (worn) {Elem, Melee}
   (You found it on level 4 of the Dungeon)

   It has a curse which improves the following skills: Elements: Fire Magic, Ice
   Magic, Air Magic and Earth Magic.
   Melee Combat: Short Blades, Long Blades, Axes, Maces & Flails, Polearms,
   Staves and Unarmed Combat.
 K - a +1 kite shield of resistance
   (You bought it in a shop on level 5 of the Dungeon)
 M - the +4 cloak of the Beginning (worn) {^Contam Fly rC+}
   (You found it on level 5 of the Lair of Beasts)

   rC+:       It protects you from cold.
   Fly:       It grants you flight.
   ^Contam:   It causes magical contamination when unequipped.
 Q - the +4 skin of Zhor {*Englaciate rC+++ SInv}
   (You found it in an ice cave)

   *Englaciate: It radiates cold, occasionally slowing all nearby creatures who
   are not resistant to cold.
   rC+++:     It renders you almost immune to cold.
   SInv:      It lets you see invisible.
Magical Staves
 p - the staff "Guamecu" {rF+ rC++ Conj}
   (You acquired it on level 2 of the Orcish Mines)

   [staff of conjuration]

   Base accuracy: +5 Base damage: 5 Base attack delay: 1.2 This weapon's minimum
   attack delay (0.6) is reached at skill level 12.
   rF+:       It protects you from fire.
   rC++:      It greatly protects you from cold.
   Conj:      It increases the power of your Conjurations spells.
   It falls into the 'Staves' category.
   It is a one-handed weapon.
 R - a staff of alchemy
   (You took it off Arachne on level 2 of the Spider Nest)
Jewellery
 l - a +6 ring of intelligence
   (You found it on level 1 of the Spider Nest)
 m - the cursed amulet of the Unveiling Welkin (around neck) {Regen+, +regen, !d, Elem, Cun}
   (You found it on level 3 of the Dungeon)

   [amulet of regeneration]

   Regen+:    It increases your rate of health regeneration.
   It has a curse which improves the following skills: Elements: Fire Magic, Ice
   Magic, Air Magic and Earth Magic.
   Cunning:   Dodging and Stealth.
 H - a ring of flight {+Fly, !d}
   (You found it on level 2 of the Swamp)
 L - a ring of ice {rC+, rF-}
   (You found it on level 2 of the Spider Nest)
 P - the ring of Xiucoun (right hand) {AC+4 Str-2 Dex-5 Slay+4 SInv}
   (You took it off a white draconian in an ice cave)

   [ring of protection]

   AC+4:      It affects your AC (+4).
   Str-2:     It affects your strength (-2).
   Dex-5:     It affects your dexterity (-5).
   Slay+4:    It affects your accuracy & damage with ranged weapons and melee
   (+4).
   SInv:      It lets you see invisible.
 S - a ring of resist corrosion
   (You found it on level 2 of the Lair of Beasts)
 U - the ring of Traps (left hand) {rElec rC+ Str+4 SInv}
   (You found it in an ice cave)

   [ring of see invisible]

   Str+4:     It affects your strength (+4).
   rC+:       It protects you from cold.
   rElec:     It insulates you from electricity.
   SInv:      It lets you see invisible.
 Z - a ring of protection from cold {rC+, !d}
   (You found it on level 3 of the Spider Nest)
Wands
 i - a wand of digging (12)
   (You found it on level 7 of the Dungeon)
 u - a wand of flame (42)
   (You took it off Blork the orc on level 4 of the Dungeon)
 x - a wand of paralysis (24)
   (You found it on level 4 of the Dungeon)
 y - a wand of mindburst (52)
   (You found it on level 4 of the Dungeon)
 D - a wand of polymorph (23)
   (You found it on level 7 of the Dungeon)
 F - a wand of light (10)
   (You found it on level 8 of the Dungeon)
 I - a wand of roots (36)
   (You found it on level 9 of the Dungeon)
Scrolls
 d - 12 scrolls of amnesia
 e - 2 scrolls of fog
 f - 4 scrolls of blinking {!r}
 j - a scroll of silence
 o - 6 scrolls of immolation {!r}
 r - 6 scrolls of fear
 z - 4 scrolls of enchant weapon
 A - 3 scrolls of butterflies
 B - 9 scrolls of teleportation
 C - 3 scrolls of revelation
 T - 3 scrolls of poison
 X - 2 scrolls of brand weapon
Potions
 a - 2 potions of heal wounds
 b - 3 potions of magic
 c - 4 potions of berserk rage {!q}
 g - 3 potions of resistance
 h - 11 potions of curing
 s - 7 potions of attraction {!q}
 w - 7 potions of might
 E - 8 potions of brilliance
 G - a potion of ambrosia
 N - 5 potions of enlightenment
 O - 3 potions of haste
 W - 2 potions of cancellation
 Y - 3 potions of mutation {!q}
Miscellaneous
 V - a Gell's gravitambourine (2/2)
   (You found it on level 5 of the Lair of Beasts)


   Skills:
 + Level 13.3(15.9) Fighting
 + Level 13.3(15.1) Short Blades
 + Level 13.3(15.1) Long Blades
 + Level 13.3(15.1) Axes
 + Level 15.1(16.8) Maces & Flails
 + Level 13.3(15.1) Polearms
 + Level 13.3(15.1) Staves
 + Level 13.3(15.9) Ranged Weapons
 + Level 13.3(15.9) Throwing
 + Level 13.3(15.9) Armour
 + Level 14.1(16.7) Dodging
 + Level 13.9(16.5) Stealth
 + Level 13.3(15.9) Shields
 + Level 13.3(15.1) Unarmed Combat
 + Level 14.2(16.8) Spellcasting
 + Level 13.2 Conjurations
 + Level 11.3 Hexes
 + Level 11.3 Summonings
 + Level 11.3 Necromancy
 + Level 11.3 Translocations
 + Level 14.8(18.3) Fire Magic
 + Level 11.3(14.8) Ice Magic
 + Level 11.3(14.8) Air Magic
 + Level 11.3(14.8) Earth Magic
 + Level 11.3 Alchemy
 + Level 14.4 Invocations
 + Level 13.3 Evocations
 + Level 12.3 Shapeshifting


You had 5 spell levels left.
You knew the following spells:

 Your Spells              Type           Power      Damage    Failure   Level
a - Magic Dart            Conj           100%       1d8       0%          1
b - Searing Ray           Conj           100%       2d8       1%          2
c - Fulminant Prism       Conj/Alch      34%        3d15      1%          4
d - Iskenderun's Mystic   Conj/Tloc      68%        2d14      (+2d71%     4
e - Alistair's Intoxicat  Alch           43%        N/A       1%          5
f - Yara's Violent Unrav  Hex/Alch       32%        3d13      1%          5
g - Plasma Beam           Fire/Air       39%        2x1d53    1%          6
h - Freezing Cloud        Conj/Ice/Air   36%        6-21      1%          5
i - Permafrost Eruption   Ice/Erth       37%        2x4d9     1%          6
j - Arcjolt               Conj/Air       36%        1d46      1%          5
x - Stone Arrow           Conj/Erth      100%       3d13      1%          3

Your spell library contained the following spells:

 Spells                   Type           Power      Damage    Failure   Level
 Sandblast                Erth           100%       2d20      0%          1
 Scorch                   Fire           100%       2d9       0%          2
 Apportation              Tloc           100%       N/A       1%          1
 Necrotise                Necr           100%       1d9       1%          1
 Slow                     Hex            100%       N/A       1%          1
 Summon Small Mammal      Summ           100%       N/A       1%          1
 Ensorcelled Hibernation  Hex/Ice        100%       N/A       1%          2
 Jinxbite                 Hex            100%       N/A       1%          2
 Mercury Vapours          Alch/Air       100%       N/A       1%          2
 Sublimation of Blood     Necr           65%        N/A       1%          2
 Call Canine Familiar     Summ           65%        N/A       1%          3
 Confusing Touch          Hex            65%        N/A       1%          3
 Hailstorm                Conj/Ice       73%        3d13      1%          3
 Mephitic Cloud           Conj/Alch/Air  70%        N/A       1%          3
 Passwall                 Erth           75%        N/A       1%          3
 Summon Ice Beast         Ice/Summ       70%        N/A       1%          3
 Swiftness                Air            75%        N/A       1%          3
 Vampiric Draining        Necr           65%        2d10      1%          3
 Animate Armour           Summ/Erth      100%       N/A       1%          4
 Flame Wave               Conj/Fire      77%        2d17      1%          4
 Ignite Poison            Fire/Alch      74%        N/A       1%          4
 Martyr's Knell           Necr/Summ      65%        N/A       1%          4
 Sticky Flame             Fire/Alch      74%        2d12      1%          4
 Summon Blazeheart Golem  Fire/Summ      74%        N/A       1%          4
 Vhi's Electric Charge    Tloc/Air       100%       N/A       1%          4
 Curse of Agony           Necr           65%        N/A       1%          5
 Sculpt Simulacrum        Ice/Alch       35%        N/A       1%          6
 Summon Cactus Giant      Summ           32%        N/A       3%          6
 Ozocubu's Refrigeration  Ice            37%        4d15      4%          7
 Ignition                 Fire           41%        3d12      10%         8
 Rimeblight               Ice/Necr       35%        2d7       (prima11%   7
 Seismic Cannonade        Alch/Erth      35%        6d12      11%         7
 Enfeeble                 Hex            32%        N/A       22%         7
 Lehudib's Crystal Spear  Conj/Erth      36%        10d9      47%         8
 Polar Vortex             Ice            37%        12d5*     99%         9


Dungeon Overview and Level Annotations

Branches:
Dungeon (15/15)            Temple (1/1) D:4            Lair (5/5) D:8
  Swamp (4/4) Lair:3       Spider (3/4) Lair:2        Slime (1/5) Lair:5
    Orc (2/2) D:11            Elf (0/3) Orc:2        Vaults (0/5) D:13
 Depths (0/4) D:15          IceCv (visited)

Altars:
Ashenzari
Cheibriados
Dithmenos
Elyvilon
Fedhas
Gozag
Hepliaklqana
Kikubaaqudgha
Makhleb
Nemelex Xobeh
Okawaru
Qazlal
Ru
Sif Muna
Trog
Uskayaw
Vehumet
Wu Jian
Xom
Yredelemnul
Zin
The Shining One
Jiyva

Shops:
D:1 *   D:5 [   Orc:1 ?   Orc:2 [=?*

Portals:
Pandemonium: Orc:2
Trove: D:10 (give 7 scrolls of fear)

Annotations:
Swamp:4 3 runed translucent doors, ongoing's ghost, adept MiFi; temujin's ghost, adept DECj
Spider:3 1 runed translucent door, Bai Suzhen; kuniqs's ghost, adept VSBe
Slime:1 exclusion: formless jellyfish
Orc:1 2 transporters, Buogig's ghost, journeyman DEFE
Orc:2 2 transporters, NormalPerson7's ghost, adept MfWn


Innate Abilities, Weirdness & Mutations

You have very sharp teeth.
Your uncanny sense of smell can sniff out nearby items.
Your experience applies equally to all skills.


Message History

You are too injured to fight recklessly!
You are too injured to fight recklessly!
Casting: Freezing Cloud (mildly dangerous; 1% risk of failure)
Confirm with . or Enter, or press ? or * to list all spells.
Casting: Plasma Beam (mildly dangerous; 1% risk of failure)
Press: ? - help, Dir - look around, f - activate The bolt of lightning misses Bai Suzhen.
The fiery plasma hits Bai Suzhen!!
You hear a sizzling sound!
You are engulfed in a thunderstorm.
You resist.
A jumping spider comes into view.
The jumping spider leaps!
You take 4 damage, and have 83/157 hp.
You now have 10/48 mp.
Casting: Plasma Beam (mildly dangerous; 1% risk of failure)
Confirm with . or Enter, or press ? or * to list all spells.
Casting: Plasma Beam (mildly dangerous; 1% risk of failure)
Press: ? - help, Dir - look around, f - activate The bolt of lightning hits Bai Suzhen but does no damage.
The bolt of lightning hits the jumping spider!!
The fiery plasma hits Bai Suzhen!!
You hear a sizzling sound!
Bai Suzhen bites you but does no damage.
Bai Suzhen claws you but does no damage.
Bai Suzhen tramples you but does no damage.
You now have 5/48 mp.
Casting: Plasma Beam (mildly dangerous; 1% risk of failure)
Confirm with . or Enter, or press ? or * to list all spells.
You don't have enough magic to cast this spell.
Unknown command.
You are too injured to fight recklessly!
You are too injured to fight recklessly!
Fire: q) +8 longbow "Circumscribed With Me" {drain, rCorr MP+9, Fort, Range} (curse)
Press: ? - help, Q - select action, (/) - cycle Shift-Dir - straight line, f - Bai Suzhen
Aim: Bai Suzhen (steam, heavily wounded, surrounded by thunder, catching her breath, 89% to hit)
You shoot an arrow.
The arrow hits Bai Suzhen but does no damage.
You drain Bai Suzhen.
You are engulfed in a thunderstorm.
You resist.
You take 6 damage, and have 78/157 hp.
Fire: q) +8 longbow "Circumscribed With Me" {drain, rCorr MP+9, Fort, Range} (curse)
Press: ? - help, Q - select action, (/) - cycle Shift-Dir - straight line, f/p - Bai Suzhen
Aim: Bai Suzhen (steam, heavily wounded, surrounded by thunder, catching her breath, lightly drained, 89% to hit)
You shoot an arrow. The arrow hits Bai Suzhen.
You are engulfed in a thunderstorm.
You resist. Bai Suzhen bites you! Bai Suzhen closely misses you.
Bai Suzhen tramples you but does no damage.
You take 18 damage, and have 60/157 hp.
Fire: q) +8 longbow "Circumscribed With Me" {drain, rCorr MP+9, Fort, Range} (curse)
Press: ? - help, Q - select action, (/) - cycle Shift-Dir - straight line, f/p - Bai Suzhen
Aim: Bai Suzhen (steam, heavily wounded, surrounded by thunder, catching her breath, lightly drained, 89% to hit)
You shoot an arrow. The arrow barely misses Bai Suzhen.
Bai Suzhen is engulfed in a cloud of scalding steam.
Bai Suzhen barely misses you. x2; Bai Suzhen closely misses you.
Fire: q) +8 longbow "Circumscribed With Me" {drain, rCorr MP+9, Fort, Range} (curse)
Press: ? - help, Q - select action, (/) - cycle Shift-Dir - straight line, f/p - Bai Suzhen
Aim: Bai Suzhen (steam, heavily wounded, surrounded by thunder, lightly drained, 89% to hit)
You shoot an arrow.
The arrow hits Bai Suzhen but does no damage.
You drain Bai Suzhen.
Bai Suzhen is engulfed in a cloud of scalding steam.
Bai Suzhen breathes water at you. The torrent of water misses you.
The wave splashes down.
Fire: q) +8 longbow "Circumscribed With Me" {drain, rCorr MP+9, Fort, Range} (curse)
Press: ? - help, Q - select action, (/) - cycle Shift-Dir - straight line, f/p - Bai Suzhen
Aim: Bai Suzhen (severely wounded, surrounded by thunder, catching her breath, lightly drained, 89% to hit)
You shoot an arrow. The arrow hits Bai Suzhen!
You drain Bai Suzhen.
You are engulfed in a thunderstorm.
You resist.
Bai Suzhen bites you but does no damage.
Bai Suzhen claws you but does no damage.
Bai Suzhen tramples you but does no damage.
You take 11 damage, and have 51/157 hp.
Fire: q) +8 longbow "Circumscribed With Me" {drain, rCorr MP+9, Fort, Range} (curse)
Press: ? - help, Q - select action, (/) - cycle Shift-Dir - straight line, f/p - Bai Suzhen
Aim: Bai Suzhen (severely wounded, surrounded by thunder, catching her breath, lightly drained, 89% to hit)
You shoot an arrow.
The arrow hits Bai Suzhen but does no damage.
You are engulfed in a thunderstorm.
You resist.
* * * LOW HITPOINT WARNING * * *
Bai Suzhen bites you.
* * * LOW HITPOINT WARNING * * *
Bai Suzhen claws you!
* * * LOW HITPOINT WARNING * * *
Bai Suzhen tramples you but does no damage.
Fire: q) +8 longbow "Circumscribed With Me" {drain, rCorr MP+9, Fort, Range} (curse)
Press: ? - help, Q - select action, (/) - cycle Shift-Dir - straight line, f/p - Bai Suzhen
Aim: Bai Suzhen (severely wounded, surrounded by thunder, catching her breath, lightly drained, 89% to hit)
You shoot an arrow.
The arrow hits Bai Suzhen but does no damage.
You are engulfed in a thunderstorm.
You resist.
* * * LOW HITPOINT WARNING * * *
Bai Suzhen completely misses you. Bai Suzhen claws you.
* * * LOW HITPOINT WARNING * * *
Bai Suzhen barely misses you.
Fire: q) +8 longbow "Circumscribed With Me" {drain, rCorr MP+9, Fort, Range} (curse)
Press: ? - help, Q - select action, (/) - cycle Shift-Dir - straight line, f/p - Bai Suzhen
Aim: Bai Suzhen (severely wounded, surrounded by thunder, lightly drained, 89% to hit)
You shoot an arrow. The arrow hits Bai Suzhen!
Bai Suzhen breathes water at you. The torrent of water hits you!!!
You die...

***,,....##.##
#..#
**,,,,.....#.##
###..#
,,,>,......†..##
##...##
,,,,,...^...#§§##
##....#
,,,,,......###§.#
##.....#
,,,,,...{.#*
#.§## ##......#
,,,,,...s.*
##†§## #.......#
,,,,,....** ##D§#
##.......#
,,,,,...#* #@§##
##........#
,,,,,,,,*
##~.###.......^##
,,,, ,,**
##..........###
**** ***
##.######### ###


You could see Bai Suzhen (clouds, catching breath, drained).

Vanquished Creatures
  Mara (Swamp:4)
  Arachne (Spider:2)
  Frances (Swamp:1)
  Aizul (Swamp:1)
  Donald (Swamp:2)
  A fenstrider witch (Swamp:4)
  A draconian knight (IceCv)
  An emperor scorpion (Spider:1)
  A broodmother (Spider:1)
  An orc warlord (D:11)
  6 eleionomae
  5 white draconians (IceCv)
  4 bunyips
  Azrael (D:14)
  A spark wasp (Spider:1)
  2 dire elephants (Swamp:1)
  Josephine (D:12)
  An entropy weaver (D:13)
  An ice dragon (Swamp:1)
  An ogre mage (D:15)
  2 shambling mangroves (Swamp:4)
  A vault guard (D:13)
  A rakshasa (D:15)
  A great orb of eyes (D:15)
  27 hydras
  9 alligators
  Erica (Lair:1)
  7 two-headed ogres
  2 catoblepae
  3 radroaches (Spider:3)
  7 boulder beetles
  4 centaur warriors
  21 death yaks
  2 demonspawn (Orc:2)
  A two-headed ogre (shapeshifter) (D:15)
  9 orc high priests (Orc:2)
  14 demonic crawlers
  A deep troll shaman (Lair:5)
  A deep elf knight (Swamp:1)
  Nergalle (Orc:1)
  7 pharaoh ants
  12 skeletal warriors
  A deep elf archer (Swamp:1)
  A fire crab (Lair:2)
  3 goliath frogs
  4 spriggan druids
  An orange crystal statue (IceCv)
  9 swamp dragons
  6 orb spiders
  3 bog bodies (Swamp:1)
  3 lindwurms
  5 deep elf pyromancers
  An obsidian bat (Orc:2)
  Pikel (D:4)
  3 steelbarb worms
  3 orc knights (Orc:2)
  10 ugly things
  16 wolf spiders
  2 orc sorcerers (Orc:2)
  An oklob plant (Lair:1)
  6 cyclopes
  6 elephants
  11 will-o-the-wisps
  2 moths of wrath (Spider:3)
  3 meliai (Spider:3)
  3 manticores
  4 kobold blastminers
  A rust devil (Orc:2)
  11 slime creatures
  A gargoyle (D:14)
  7 storm dragon simulacra (IceCv)
  A smoke demon (D:10)
  7 black mambas
  3 torpor snails (Spider:1)
  2 unseen horrors
  15 cane toads
  Jeremiah (D:7)
  3 rime drakes
  9 komodo dragons
  3 efreet
  2 freezing wraiths (D:15)
  3 yaktaurs (D:15)
  21 tarantellas
  2 golden dragon simulacra (IceCv)
  5 trolls
  3 red devils (Orc:2)
  Grinder (D:4)
  2 bloated husks
  Prince Ribbit (D:8)
  13 tyrant leeches
  3 polar bears
  28 blink frogs
  28 jumping spiders
  12 hornets
  15 dream sheep
  3 vampires
  4 shadows
  15 culicivoras
  A fire bat (D:10)
  7 spriggans
  9 wraiths
  42 yaks
  5 fire elementals
  A fire bat (shapeshifter) (D:13)
  8 wyverns
  3 basilisks
  10 vampire mosquitoes
  36 redbacks
  A steam dragon (Lair:2)
  2 acid dragons
  10 swamp worms
  22 water moccasins
  Duvessa (D:4)
  2 hell hounds (D:14)
  An ice beast (D:7)
  12 swamp drakes
  6 ice dragon simulacra (IceCv)
  6 laughing skulls (D:14)
  37 orc warriors
  6 black bears
  9 wolves
  7 centaurs
  13 ogres
  A lemure (D:4)
  2 kobold brigands
  Blork the orc (D:4)
  12 bullfrogs
  3 gnoll sergeants (D:11)
  2 scorpions
  5 wights (D:7)
  Dowan (D:4)
  6 lindwurm simulacra (IceCv)
  10 killer bees
  3 electric eels
  7 howler monkeys
  A bombardier beetle (D:5)
  23 orc priests
  13 jellies
  A gnoll bouda (D:9)
  2 sleepcaps (D:8)
  17 orc wizards
  Natasha (thrice) (D:3)
  2 iguanas
  A hell rat (Lair:2)
  5 gnolls
  13 adders
  A shadow imp (D:6)
  2 white imps
  2 ufetubi (D:5)
  5 dart slugs
  6 ribbon worms
  58 orcs
  10 bats
  20 endoplasms
  2 giant cockroaches
  13 goblins
  10 hobgoblins
  7 jackals (D:1)
  6 quokkas
  10 ball pythons
  7 frilled lizards
  12 kobolds
  7 rats
  A butterfly (Lair:4)
1070 creatures vanquished.

Vanquished Creatures (others)
  A bloated husk (Swamp:2)
  A raiju (Swamp:1)
  A centaur (D:15)
  An orc wizard (D:8)
  3 orcs (D:8)
  50 foxfires
  26 fulminant prisms
83 creatures vanquished.

Grand Total: 1153 creatures vanquished

Notes
Turn   | Place    | Note
-------+----------+-------------------------------------------
     0 | D:1      | IndexError the Gnoll Conjurer began the quest for the Orb.
     0 | D:1      | Reached XP level 1. HP: 13/13 MP: 6/6
   222 | D:1      | Reached XP level 2. HP: 19/19 MP: 5/7
   590 | D:1      | Found Jutz's Assorted Antiques.
   716 | D:1      | Reached skill level 5 in Spellcasting
   716 | D:1      | Reached XP level 3. HP: 25/25 MP: 5/9
   719 | D:1      | Learned a level 2 spell: Searing Ray
  1637 | D:2      | Reached skill level 1 in Invocations
  1841 | D:2      | Found a faded altar of an unknown god.
  1856 | D:2      | Reached skill level 1 in Fighting
  1856 | D:2      | Reached skill level 1 in Short Blades
  1856 | D:2      | Reached skill level 1 in Long Blades
  1856 | D:2      | Reached skill level 1 in Axes
  1856 | D:2      | Reached skill level 1 in Maces & Flails
  1856 | D:2      | Reached skill level 1 in Polearms
  1856 | D:2      | Reached skill level 1 in Staves
  1856 | D:2      | Reached skill level 1 in Ranged Weapons
  1856 | D:2      | Reached skill level 1 in Throwing
  1856 | D:2      | Reached skill level 1 in Armour
  1856 | D:2      | Reached skill level 1 in Shields
  1856 | D:2      | Reached skill level 1 in Unarmed Combat
  1856 | D:2      | Reached skill level 1 in Evocations
  1967 | D:2      | Reached skill level 1 in Shapeshifting
  1967 | D:2      | Reached XP level 4. HP: 29/32 MP: 8/11
  2055 | D:2      | Reached skill level 1 in Hexes
  2055 | D:2      | Reached skill level 1 in Summonings
  2055 | D:2      | Reached skill level 1 in Necromancy
  2055 | D:2      | Reached skill level 1 in Translocations
  2055 | D:2      | Reached skill level 1 in Fire Magic
  2055 | D:2      | Reached skill level 1 in Ice Magic
  2055 | D:2      | Reached skill level 1 in Air Magic
  2055 | D:2      | Reached skill level 1 in Earth Magic
  2055 | D:2      | Reached skill level 1 in Alchemy
  2719 | D:3      | Identified the +3 robe of the Elven Halls {rPois rF+++ rC-
                  | Will+}
  2786 | D:3      | Noticed Natasha
  2788 | D:3      | Killed Natasha
  2789 | D:3      | Reached XP level 5. HP: 37/37 MP: 8/12
  2930 | D:3      | Noticed Natasha
  2940 | D:3      | Killed Natasha
  3129 | D:3      | Noticed Natasha
  3132 | D:3      | Killed Natasha
  3212 | D:3      | Found a shimmering blue altar of Sif Muna.
  3237 | D:3      | Reached skill level 2 in Invocations
  3304 | D:3      | Found a snail-covered altar of Cheibriados.
  3532 | D:3      | Reached XP level 6. HP: 44/44 MP: 10/14
  3581 | D:3      | Found a glowing silver altar of Zin.
  3584 | D:3      | Found a sacrificial altar of Ru.
  3586 | D:3      | Found a burning altar of Makhleb.
  3913 | D:4      | Noticed Blork the orc
  3919 | D:4      | Killed Blork the orc
  3920 | D:4      | Reached skill level 2 in Fighting
  3920 | D:4      | Reached skill level 2 in Short Blades
  3920 | D:4      | Reached skill level 2 in Long Blades
  3920 | D:4      | Reached skill level 2 in Axes
  3920 | D:4      | Reached skill level 2 in Maces & Flails
  3920 | D:4      | Reached skill level 2 in Polearms
  3920 | D:4      | Reached skill level 2 in Staves
  3920 | D:4      | Reached skill level 2 in Ranged Weapons
  3920 | D:4      | Reached skill level 2 in Throwing
  3920 | D:4      | Reached skill level 2 in Armour
  3920 | D:4      | Reached skill level 5 in Dodging
  3920 | D:4      | Reached skill level 2 in Shields
  3920 | D:4      | Reached skill level 2 in Unarmed Combat
  3920 | D:4      | Reached skill level 2 in Evocations
  4045 | D:4      | Noticed Duvessa
  4045 | D:4      | Noticed Dowan
  4165 | D:4      | Noticed Grinder
  4172 | D:4      | Killed Grinder
  4173 | D:4      | Reached skill level 2 in Hexes
  4173 | D:4      | Reached skill level 2 in Summonings
  4173 | D:4      | Reached skill level 2 in Necromancy
  4173 | D:4      | Reached skill level 2 in Translocations
  4173 | D:4      | Reached skill level 2 in Fire Magic
  4173 | D:4      | Reached skill level 2 in Ice Magic
  4173 | D:4      | Reached skill level 2 in Air Magic
  4173 | D:4      | Reached skill level 2 in Earth Magic
  4173 | D:4      | Reached skill level 2 in Alchemy
  4173 | D:4      | Reached skill level 2 in Shapeshifting
  4173 | D:4      | Reached XP level 7. HP: 34/51 MP: 6/15
  4317 | D:4      | Found a glowing golden altar of the Shining One.
  4427 | D:4      | Found a staircase to the Ecumenical Temple.
  4549 | Temple   | Entered the Ecumenical Temple
  4560 | Temple   | Became a worshipper of Ashenzari the Shackled
  4723 | D:4      | Found a shimmering altar of Xom.
  4780 | D:4      | Reached skill level 5 in Stealth
  4853 | D:4      | Found a sparkling altar of Nemelex Xobeh.
  4853 | D:4      | Found an ancient bone altar of Kikubaaqudgha.
  4855 | D:4      | Found a glowing silver altar of Zin.
  4855 | D:4      | Found a blossoming altar of Fedhas.
  4855 | D:4      | Found a sparkling altar of Nemelex Xobeh.
  4912 | D:4      | Noticed Pikel
  4925 | D:4      | Killed Pikel
  4926 | D:4      | Reached skill level 3 in Fighting
  4926 | D:4      | Reached skill level 3 in Short Blades
  4926 | D:4      | Reached skill level 3 in Long Blades
  4926 | D:4      | Reached skill level 3 in Axes
  4926 | D:4      | Reached skill level 3 in Maces & Flails
  4926 | D:4      | Reached skill level 3 in Polearms
  4926 | D:4      | Reached skill level 3 in Staves
  4926 | D:4      | Reached skill level 3 in Ranged Weapons
  4926 | D:4      | Reached skill level 3 in Throwing
  4926 | D:4      | Reached skill level 3 in Armour
  4926 | D:4      | Reached skill level 3 in Shields
  4926 | D:4      | Reached skill level 3 in Unarmed Combat
  4926 | D:4      | Reached skill level 6 in Spellcasting
  4926 | D:4      | Reached skill level 3 in Invocations
  4926 | D:4      | Reached skill level 3 in Evocations
  4926 | D:4      | Reached XP level 8. HP: 52/58 MP: 1/17
  5399 | D:4      | Killed Duvessa
  5400 | D:4      | Reached skill level 3 in Shapeshifting
  5401 | D:4      | Killed Dowan
  5511 | D:5      | Entered Level 5 of the Dungeon
  5996 | D:5      | Reached skill level 3 in Hexes
  5996 | D:5      | Reached skill level 3 in Summonings
  5996 | D:5      | Reached skill level 3 in Necromancy
  5996 | D:5      | Reached skill level 3 in Translocations
  5996 | D:5      | Reached skill level 3 in Fire Magic
  5996 | D:5      | Reached skill level 3 in Ice Magic
  5996 | D:5      | Reached skill level 3 in Air Magic
  5996 | D:5      | Reached skill level 3 in Earth Magic
  5996 | D:5      | Reached skill level 3 in Alchemy
  5996 | D:5      | Reached skill level 4 in Invocations
  6186 | D:5      | Learned a level 3 spell: Stone Arrow
  6191 | D:5      | Learned a level 4 spell: Fulminant Prism
  6196 | D:5      | Learned a level 4 spell: Iskenderun's Mystic Blast
  6206 | D:5      | Reached skill level 6 in Dodging
  6332 | D:5      | Found Fikeg's Antique Armour Shoppe.
  6489 | D:5      | Bought an ancient cloak for 199 gold pieces
  6489 | D:5      | Identified the +2 cloak of Polish {MP+9 Str+3} (You bought
                  | it in a shop on level 5 of the Dungeon)
  7025 | D:6      | Reached XP level 9. HP: 65/65 MP: 19/19
  7025 | D:6      | Reached * piety under Ashenzari
  7125 | D:6      | Reached skill level 4 in Fighting
  7125 | D:6      | Reached skill level 4 in Short Blades
  7125 | D:6      | Reached skill level 4 in Long Blades
  7125 | D:6      | Reached skill level 4 in Axes
  7125 | D:6      | Reached skill level 4 in Maces & Flails
  7125 | D:6      | Reached skill level 4 in Polearms
  7125 | D:6      | Reached skill level 4 in Staves
  7125 | D:6      | Reached skill level 4 in Ranged Weapons
  7125 | D:6      | Reached skill level 4 in Throwing
  7125 | D:6      | Reached skill level 4 in Armour
  7125 | D:6      | Reached skill level 4 in Shields
  7125 | D:6      | Reached skill level 4 in Unarmed Combat
  7125 | D:6      | Reached skill level 4 in Evocations
  7573 | D:6      | Reached skill level 6 in Stealth
  7573 | D:6      | Reached skill level 8 in Conjurations
  8326 | D:6      | Reached ** piety under Ashenzari
  8360 | D:7      | Found a white marble altar of Elyvilon.
  8363 | D:7      | Reached skill level 4 in Shapeshifting
  8637 | D:7      | Reached skill level 5 in Invocations
  8953 | D:7      | Found an iron altar of Okawaru.
  9026 | D:7      | Noticed Jeremiah
  9036 | D:7      | Killed Jeremiah
  9037 | D:7      | Reached skill level 7 in Spellcasting
  9037 | D:7      | Reached skill level 4 in Hexes
  9037 | D:7      | Reached skill level 4 in Summonings
  9037 | D:7      | Reached skill level 4 in Necromancy
  9037 | D:7      | Reached skill level 4 in Translocations
  9037 | D:7      | Reached skill level 4 in Fire Magic
  9037 | D:7      | Reached skill level 4 in Ice Magic
  9037 | D:7      | Reached skill level 4 in Air Magic
  9037 | D:7      | Reached skill level 4 in Earth Magic
  9037 | D:7      | Reached skill level 4 in Alchemy
  9307 | D:7      | Reached skill level 5 in Fighting
  9307 | D:7      | Reached skill level 5 in Short Blades
  9307 | D:7      | Reached skill level 5 in Long Blades
  9307 | D:7      | Reached skill level 5 in Axes
  9307 | D:7      | Reached skill level 5 in Maces & Flails
  9307 | D:7      | Reached skill level 5 in Polearms
  9307 | D:7      | Reached skill level 5 in Staves
  9307 | D:7      | Reached skill level 5 in Ranged Weapons
  9307 | D:7      | Reached skill level 5 in Throwing
  9307 | D:7      | Reached skill level 5 in Armour
  9307 | D:7      | Reached skill level 5 in Shields
  9307 | D:7      | Reached skill level 5 in Unarmed Combat
  9307 | D:7      | Reached skill level 5 in Evocations
  9307 | D:7      | Reached XP level 10. HP: 77/77 MP: 22/22
 10206 | D:8      | Reached skill level 7 in Dodging
 10380 | D:8      | Noticed Prince Ribbit
 10567 | D:8      | Found a staircase to the Lair.
 10972 | D:8      | Killed Prince Ribbit
 10973 | D:8      | Reached skill level 6 in Invocations
 11195 | D:9      | Reached skill level 7 in Stealth
 11195 | D:9      | Reached skill level 5 in Shapeshifting
 11243 | D:9      | Noticed a two-headed ogre
 11253 | D:9      | Killed a two-headed ogre
 11874 | D:9      | Found a radiant altar of Vehumet.
 12188 | D:9      | Noticed an unseen horror
 12194 | D:9      | Killed an unseen horror
 12195 | D:9      | Reached skill level 6 in Fighting
 12195 | D:9      | Reached skill level 6 in Short Blades
 12195 | D:9      | Reached skill level 6 in Long Blades
 12195 | D:9      | Reached skill level 6 in Axes
 12195 | D:9      | Reached skill level 6 in Maces & Flails
 12195 | D:9      | Reached skill level 6 in Polearms
 12195 | D:9      | Reached skill level 6 in Staves
 12195 | D:9      | Reached skill level 6 in Ranged Weapons
 12195 | D:9      | Reached skill level 6 in Throwing
 12195 | D:9      | Reached skill level 6 in Armour
 12195 | D:9      | Reached skill level 6 in Shields
 12195 | D:9      | Reached skill level 6 in Unarmed Combat
 12195 | D:9      | Reached skill level 5 in Hexes
 12195 | D:9      | Reached skill level 5 in Summonings
 12195 | D:9      | Reached skill level 5 in Necromancy
 12195 | D:9      | Reached skill level 5 in Translocations
 12195 | D:9      | Reached skill level 5 in Fire Magic
 12195 | D:9      | Reached skill level 5 in Ice Magic
 12195 | D:9      | Reached skill level 5 in Air Magic
 12195 | D:9      | Reached skill level 5 in Earth Magic
 12195 | D:9      | Reached skill level 5 in Alchemy
 12195 | D:9      | Reached skill level 6 in Evocations
 12195 | D:9      | Reached XP level 11. HP: 85/85 MP: 24/24
 12254 | D:10     | Entered Level 10 of the Dungeon
 12263 | D:10     | Reached skill level 8 in Spellcasting
 12541 | D:10     | Found a portal to a secret trove of treasure.
 12723 | D:1      | Bought a translucent longbow for 287 gold pieces
 12723 | D:1      | Identified the +8 longbow "Plog" {drain, rCorr MP+9} (You
                  | bought it in a shop on level 1 of the Dungeon)
 12869 | D:10     | Noticed a two-headed ogre
 12891 | D:10     | Killed a two-headed ogre
 12987 | D:10     | Reached skill level 9 in Conjurations
 12987 | D:10     | Reached skill level 7 in Invocations
 13001 | D:10     | Reached skill level 8 in Dodging
 13133 | D:10     | Identified the +7 demon whip of Jeurchaud {flame, rN+
                  | Str+2}
 13159 | D:10     | Noticed a deep elf pyromancer
 13162 | D:10     | Killed a deep elf pyromancer
 13163 | D:10     | Reached skill level 6 in Shapeshifting
 13168 | D:10     | Found a shimmering blue altar of Sif Muna.
 13254 | D:10     | Found a shadowy altar of Dithmenos.
 13624 | D:11     | Noticed a two-headed ogre
 13628 | D:11     | Killed a two-headed ogre
 13629 | D:11     | Reached skill level 8 in Stealth
 13839 | D:11     | Reached *** piety under Ashenzari
 13839 | D:11     | Reached **** piety under Ashenzari
 14006 | D:11     | Reached skill level 6 in Fire Magic
 14044 | D:11     | Found a staircase to the Orcish Mines.
 14091 | D:11     | Reached skill level 7 in Fighting
 14091 | D:11     | Reached skill level 7 in Short Blades
 14091 | D:11     | Reached skill level 7 in Long Blades
 14091 | D:11     | Reached skill level 7 in Axes
 14091 | D:11     | Reached skill level 7 in Maces & Flails
 14091 | D:11     | Reached skill level 7 in Polearms
 14091 | D:11     | Reached skill level 7 in Staves
 14091 | D:11     | Reached skill level 7 in Ranged Weapons
 14091 | D:11     | Reached skill level 7 in Throwing
 14091 | D:11     | Reached skill level 7 in Armour
 14091 | D:11     | Reached skill level 7 in Shields
 14091 | D:11     | Reached skill level 7 in Unarmed Combat
 14091 | D:11     | Reached skill level 7 in Evocations
 14159 | D:11     | Noticed a brown ugly thing
 14169 | D:11     | Killed a brown ugly thing
 14296 | D:11     | Noticed a cyclops
 14305 | D:11     | Killed a cyclops
 14306 | D:11     | Reached XP level 12. HP: 66/97 MP: 27/27
 14618 | D:12     | Noticed Josephine
 14627 | D:12     | Killed Josephine
 14628 | D:12     | Reached skill level 6 in Hexes
 14628 | D:12     | Reached skill level 6 in Summonings
 14628 | D:12     | Reached skill level 6 in Necromancy
 14628 | D:12     | Reached skill level 6 in Translocations
 14628 | D:12     | Reached skill level 6 in Ice Magic
 14628 | D:12     | Reached skill level 6 in Air Magic
 14628 | D:12     | Reached skill level 6 in Earth Magic
 14628 | D:12     | Reached skill level 6 in Alchemy
 14629 | D:12     | Reached skill level 8 in Invocations
 14640 | D:12     | Reached skill level 9 in Spellcasting
 14972 | Orc:1    | Entered Level 1 of the Orcish Mines
 14992 | Orc:1    | Noticed Nergalle
 15004 | Orc:1    | Killed Nergalle
 15019 | Orc:1    | Found a radiant altar of Vehumet.
 15053 | Orc:1    | Noticed an orc warlord
 15149 | D:11     | Killed an orc warlord
 15150 | D:11     | Reached skill level 7 in Fire Magic
 15265 | Orc:1    | Found Forphenepn's Magic Scroll Boutique.
 15274 | Orc:1    | Bought 3 scrolls of enchant armour for 247 gold pieces
 15337 | Orc:1    | Found a transporter.
 15341 | Orc:1    | Noticed Buogig's ghost (journeyman DEFE)
 15346 | Orc:1    | Found a transporter.
 15429 | Orc:1    | Reached skill level 9 in Dodging
 15550 | Orc:1    | Reached skill level 7 in Shapeshifting
 15859 | Orc:2    | Entered Level 2 of the Orcish Mines
 15978 | Orc:2    | Reached skill level 9 in Stealth
 16062 | Orc:2    | Noticed a two-headed ogre
 16066 | Orc:2    | Killed a two-headed ogre
 16082 | Orc:2    | Noticed a two-headed ogre
 16083 | Orc:2    | Noticed NormalPerson7's ghost (adept MfWn)
 16084 | Orc:2    | Found a bloodstained altar of Trog.
 16093 | Orc:2    | Found a transporter.
 16098 | Orc:2    | Found the ring of the Octopus King {rC+ HP+2 AC+2 EV+2
                  | SH+2}
 16098 | Orc:2    | Found the ring of the Octopus King {rC+ HP+2 AC+2 EV+2
                  | SH+2}
 16109 | Orc:2    | Found a transporter.
 16195 | Orc:2    | Found a staircase to the Elven Halls.
 16262 | Orc:2    | Reached skill level 8 in Fighting
 16262 | Orc:2    | Reached skill level 8 in Short Blades
 16262 | Orc:2    | Reached skill level 8 in Long Blades
 16262 | Orc:2    | Reached skill level 8 in Axes
 16262 | Orc:2    | Reached skill level 8 in Maces & Flails
 16262 | Orc:2    | Reached skill level 8 in Polearms
 16262 | Orc:2    | Reached skill level 8 in Staves
 16262 | Orc:2    | Reached skill level 8 in Ranged Weapons
 16262 | Orc:2    | Reached skill level 8 in Throwing
 16262 | Orc:2    | Reached skill level 8 in Armour
 16262 | Orc:2    | Reached skill level 8 in Shields
 16262 | Orc:2    | Reached skill level 8 in Unarmed Combat
 16262 | Orc:2    | Reached skill level 8 in Evocations
 16608 | Orc:2    | Reached XP level 13. HP: 59/105 MP: 29/29
 16667 | Orc:2    | Found Wouduyha's General Store.
 16671 | Orc:2    | Found Nidwuc's Magic Scroll Boutique.
 16690 | Orc:2    | Reached skill level 8 in Fire Magic
 16705 | Orc:2    | Reached skill level 9 in Invocations
 16926 | Orc:2    | Reached skill level 10 in Conjurations
 16955 | Orc:2    | Reached skill level 7 in Hexes
 16955 | Orc:2    | Reached skill level 7 in Summonings
 16955 | Orc:2    | Reached skill level 7 in Necromancy
 16955 | Orc:2    | Reached skill level 7 in Translocations
 16955 | Orc:2    | Reached skill level 7 in Ice Magic
 16955 | Orc:2    | Reached skill level 7 in Air Magic
 16955 | Orc:2    | Reached skill level 7 in Earth Magic
 16955 | Orc:2    | Reached skill level 7 in Alchemy
 17015 | Orc:2    | HP: 20/106 [hellwing[an orc high priest] (8)]
 17016 | Orc:2    | HP: 6/106 [red devil/+0 trident[an orc high priest] (6)]
 17018 | Orc:2    | Reached skill level 10 in Spellcasting
 17272 | Orc:2    | Reached skill level 8 in Shapeshifting
 17456 | Orc:2    | Found Bycag's Antique Armour Shoppe.
 17456 | Orc:2    | Found Sufaq's Jewellery Emporium.
 17457 | Orc:2    | Found a one-way gate leading to the halls of Pandemonium.
 17549 | Orc:1    | Bought a scroll of acquirement for 572 gold pieces
 17549 | Orc:1    | Acquired 896 gold pieces
 17621 | Orc:2    | Bought a scroll of acquirement for 624 gold pieces
 17621 | Orc:2    | Acquired the staff "Guamecu" {rF+ rC++ Conj}
 17921 | Lair:1   | Entered Level 1 of the Lair of Beasts
 17924 | Lair:1   | Reached skill level 10 in Dodging
 18013 | Lair:1   | Reached skill level 9 in Fire Magic
 18132 | Lair:1   | Learned a level 5 spell: Alistair's Intoxication
 18138 | Lair:1   | Learned a level 5 spell: Yara's Violent Unravelling
 18187 | Lair:1   | Noticed Erica
 18201 | Lair:1   | Killed Erica
 18202 | Lair:1   | Reached skill level 9 in Fighting
 18202 | Lair:1   | Reached skill level 9 in Short Blades
 18202 | Lair:1   | Reached skill level 9 in Long Blades
 18202 | Lair:1   | Reached skill level 9 in Axes
 18202 | Lair:1   | Reached skill level 9 in Maces & Flails
 18202 | Lair:1   | Reached skill level 9 in Polearms
 18202 | Lair:1   | Reached skill level 9 in Staves
 18202 | Lair:1   | Reached skill level 9 in Ranged Weapons
 18202 | Lair:1   | Reached skill level 9 in Throwing
 18202 | Lair:1   | Reached skill level 9 in Armour
 18202 | Lair:1   | Reached skill level 9 in Shields
 18202 | Lair:1   | Reached skill level 9 in Unarmed Combat
 18202 | Lair:1   | Reached skill level 9 in Evocations
 18205 | Lair:1   | Reached skill level 10 in Stealth
 18376 | Lair:1   | Reached skill level 10 in Invocations
 18376 | Lair:1   | Reached XP level 14. HP: 31/114 MP: 31/31
 18495 | Lair:1   | Identified the blade talisman "Fuiwuoqa" {rElec MP+9}
 19299 | Lair:2   | Found a hole to the Spider Nest.
 19377 | Lair:2   | Reached skill level 8 in Hexes
 19377 | Lair:2   | Reached skill level 8 in Summonings
 19377 | Lair:2   | Reached skill level 8 in Necromancy
 19377 | Lair:2   | Reached skill level 8 in Translocations
 19377 | Lair:2   | Reached skill level 8 in Ice Magic
 19377 | Lair:2   | Reached skill level 8 in Air Magic
 19377 | Lair:2   | Reached skill level 8 in Earth Magic
 19377 | Lair:2   | Reached skill level 8 in Alchemy
 19473 | Lair:2   | Reached skill level 10 in Fire Magic
 19682 | Lair:2   | Reached skill level 11 in Spellcasting
 19687 | Lair:2   | Reached skill level 9 in Shapeshifting
 20320 | Lair:3   | Found a staircase to the Swamp.
 20761 | Lair:3   | Reached skill level 11 in Dodging
 20761 | Lair:3   | Reached skill level 11 in Conjurations
 20764 | Lair:3   | Reached skill level 10 in Fighting
 20764 | Lair:3   | Reached skill level 10 in Short Blades
 20764 | Lair:3   | Reached skill level 10 in Long Blades
 20764 | Lair:3   | Reached skill level 10 in Axes
 20764 | Lair:3   | Reached skill level 10 in Maces & Flails
 20764 | Lair:3   | Reached skill level 10 in Polearms
 20764 | Lair:3   | Reached skill level 10 in Staves
 20764 | Lair:3   | Reached skill level 10 in Ranged Weapons
 20764 | Lair:3   | Reached skill level 10 in Throwing
 20764 | Lair:3   | Reached skill level 10 in Armour
 20764 | Lair:3   | Reached skill level 10 in Shields
 20764 | Lair:3   | Reached skill level 10 in Unarmed Combat
 20764 | Lair:3   | Reached skill level 10 in Evocations
 21383 | Lair:4   | Reached XP level 15. HP: 110/122 MP: 32/32
 21427 | Lair:4   | Reached skill level 11 in Invocations
 21445 | Lair:4   | Reached skill level 11 in Stealth
 22075 | Lair:5   | Entered Level 5 of the Lair of Beasts
 22089 | Lair:4   | Reached skill level 11 in Fire Magic
 22336 | Lair:5   | Identified the +4 cloak of the Beginning {^Contam Fly rC+}
 22355 | Lair:5   | Found a radiant altar of Vehumet.
 22401 | Lair:5   | Learned a level 6 spell: Plasma Beam
 22646 | Lair:5   | Found a staircase to the Slime Pits.
 22647 | Lair:5   | Found a viscous altar of Jiyva.
 22837 | Lair:5   | Reached skill level 9 in Hexes
 22837 | Lair:5   | Reached skill level 9 in Summonings
 22837 | Lair:5   | Reached skill level 9 in Necromancy
 22837 | Lair:5   | Reached skill level 9 in Translocations
 22837 | Lair:5   | Reached skill level 9 in Ice Magic
 22837 | Lair:5   | Reached skill level 9 in Air Magic
 22837 | Lair:5   | Reached skill level 9 in Earth Magic
 22837 | Lair:5   | Reached skill level 9 in Alchemy
 23628 | Orc:2    | Bought a scroll of fear for 48 gold pieces
 23969 | D:12     | Reached skill level 10 in Shapeshifting
 24032 | D:12     | Found a glowing silver altar of Zin.
 24090 | D:12     | Reached skill level 12 in Spellcasting
 24090 | D:12     | Reached XP level 16. HP: 61/131 MP: 32/34
 24879 | D:12     | Reached skill level 11 in Fighting
 24879 | D:12     | Reached skill level 11 in Short Blades
 24879 | D:12     | Reached skill level 11 in Long Blades
 24879 | D:12     | Reached skill level 11 in Axes
 24879 | D:12     | Reached skill level 11 in Maces & Flails
 24879 | D:12     | Reached skill level 11 in Polearms
 24879 | D:12     | Reached skill level 11 in Staves
 24879 | D:12     | Reached skill level 11 in Ranged Weapons
 24879 | D:12     | Reached skill level 11 in Throwing
 24879 | D:12     | Reached skill level 11 in Armour
 24879 | D:12     | Reached skill level 11 in Shields
 24879 | D:12     | Reached skill level 11 in Unarmed Combat
 24879 | D:12     | Reached skill level 11 in Evocations
 25160 | D:13     | Reached skill level 12 in Invocations
 25182 | D:13     | Found a gate to the Vaults.
 25228 | D:13     | Reached skill level 12 in Dodging
 25376 | D:13     | Found an opulent altar of Gozag.
 25382 | D:13     | Found an opulent altar of Gozag.
 25390 | D:13     | Found an opulent altar of Gozag.
 25399 | D:13     | Found an opulent altar of Gozag.
 25508 | D:13     | Reached skill level 12 in Fire Magic
 25713 | D:14     | Noticed Azrael
 25737 | D:14     | Killed Azrael
 26246 | D:15     | Entered Level 15 of the Dungeon
 26261 | D:15     | Identified the +1 robe of Asceticism {Will+ Str+3}
 26281 | D:15     | Reached skill level 12 in Stealth
 27040 | D:15     | Found a staircase to the Depths.
 27304 | D:15     | Reached skill level 12 in Conjurations
 27412 | D:15     | Reached ***** piety under Ashenzari
 27704 | Swamp:1  | Entered Level 1 of the Swamp
 27766 | Swamp:1  | Found a glacial archway.
 27894 | IceCv    | Entered an ice cave
 27944 | IceCv    | Reached skill level 12 in Maces & Flails
 28328 | IceCv    | HP: 28/133 [white draconian knight/blast of cold (14)]
 28345 | IceCv    | HP: 17/133 [white draconian knight/blast of cold (19)]
 28500 | IceCv    | Reached XP level 17. HP: 91/140 MP: 30/36
 28686 | IceCv    | Identified the ring of Xiucoun {AC+4 Str-2 Dex-5 Slay+4
                  | SInv}
 28786 | IceCv    | Found the +4 skin of Zhor {*Englaciate rC+++ SInv}
 28787 | IceCv    | Identified the ring of Traps {rElec rC+ Str+4 SInv}
 29084 | Swamp:1  | Reached skill level 10 in Hexes
 29084 | Swamp:1  | Reached skill level 10 in Summonings
 29084 | Swamp:1  | Reached skill level 10 in Necromancy
 29084 | Swamp:1  | Reached skill level 10 in Translocations
 29084 | Swamp:1  | Reached skill level 10 in Ice Magic
 29084 | Swamp:1  | Reached skill level 10 in Air Magic
 29084 | Swamp:1  | Reached skill level 10 in Earth Magic
 29084 | Swamp:1  | Reached skill level 10 in Alchemy
 29173 | Swamp:1  | Learned a level 5 spell: Freezing Cloud
 29180 | Swamp:1  | Learned a level 6 spell: Permafrost Eruption
 29238 | Swamp:1  | Identified the +3 ring mail of the Spheres {Rampage Dex+3}
 29484 | Swamp:1  | Noticed Frances
 29492 | Swamp:1  | Killed Frances
 29553 | Swamp:1  | Reached skill level 13 in Fire Magic
 29601 | Swamp:1  | Reached skill level 11 in Shapeshifting
 29847 | Swamp:2  | Reached skill level 13 in Invocations
 29881 | Swamp:2  | Reached skill level 12 in Fighting
 29881 | Swamp:2  | Reached skill level 12 in Short Blades
 29881 | Swamp:2  | Reached skill level 12 in Long Blades
 29881 | Swamp:2  | Reached skill level 12 in Axes
 29881 | Swamp:2  | Reached skill level 12 in Polearms
 29881 | Swamp:2  | Reached skill level 12 in Staves
 29881 | Swamp:2  | Reached skill level 12 in Ranged Weapons
 29881 | Swamp:2  | Reached skill level 12 in Throwing
 29881 | Swamp:2  | Reached skill level 12 in Armour
 29881 | Swamp:2  | Reached skill level 12 in Shields
 29881 | Swamp:2  | Reached skill level 12 in Unarmed Combat
 29881 | Swamp:2  | Reached skill level 12 in Evocations
 29983 | Swamp:2  | Reached skill level 13 in Spellcasting
 30027 | Swamp:2  | Identified the serpent talisman of Complete Protection {rN+
                  | Int+7}
 30027 | Swamp:2  | Noticed Aizul
 30049 | Swamp:1  | Killed Aizul
 30102 | Swamp:1  | Identified the cursed +2 helmet "All-seeing Repose" {Elem,
                  | Melee} (You found it on level 4 of the Dungeon)
 30102 | Swamp:1  | Identified the cursed +2 pair of gloves of the Clairvoyant
                  | Burden {Range, Elem} (You found it on level 3 of the
                  | Dungeon)
 30102 | Swamp:1  | Identified the cursed +1 pair of boots of the Restrained
                  | Augur {Self, Fort} (You found it on level 2 of the Dungeon)
 30304 | Swamp:2  | Noticed Donald
 30323 | Swamp:2  | Killed Donald
 30324 | Swamp:2  | Reached skill level 13 in Maces & Flails
 30801 | Swamp:3  | Identified the +0 shortbow of Narch {flame, Str+3 SInv
                  | Stlth+}
 30891 | Swamp:3  | Reached skill level 13 in Dodging
 31611 | D:5      | Bought a shiny kite shield for 157 gold pieces
 31774 | Swamp:4  | Entered Level 4 of the Swamp
 32018 | Swamp:4  | Reached skill level 13 in Stealth
 32276 | Swamp:4  | Noticed Mara
 32314 | Swamp:4  | Noticed IndexError's illusion
 32570 | Swamp:4  | Noticed IndexError's illusion
 32654 | Swamp:4  | Killed Mara
 32672 | Swamp:4  | Reached XP level 18. HP: 148/149 MP: 38/38
 32873 | Swamp:4  | Found a runed translucent gate.
 32948 | Swamp:4  | Got a decaying rune of Zot
 33089 | Swamp:4  | Reached skill level 14 in Maces & Flails
 33100 | Swamp:4  | Reached skill level 14 in Fire Magic
 33193 | Swamp:4  | Found a runed translucent gate.
 33193 | Swamp:4  | Found a runed translucent gate.
 33194 | Swamp:4  | Noticed temujin's ghost (adept DECj)
 33195 | Swamp:4  | Identified the staff of Jemest {rElec rPois MP-9 Stlth+
                  | Air}
 33195 | Swamp:4  | Noticed ongoing's ghost (adept MiFi)
 33515 | Slime:1  | Entered Level 1 of the Pits of Slime
 33600 | Spider:1 | Entered Level 1 of the Spider Nest
 34402 | Spider:1 | HP: 28/149 [demonic crawler[a torpor snail] (13)]
 34562 | Lair:2   | Learned a level 5 spell: Arcjolt
 34567 | Spider:1 | Reached skill level 14 in Invocations
 35169 | Spider:2 | Reached skill level 11 in Hexes
 35169 | Spider:2 | Reached skill level 11 in Summonings
 35169 | Spider:2 | Reached skill level 11 in Necromancy
 35169 | Spider:2 | Reached skill level 11 in Translocations
 35169 | Spider:2 | Reached skill level 11 in Ice Magic
 35169 | Spider:2 | Reached skill level 11 in Air Magic
 35169 | Spider:2 | Reached skill level 11 in Earth Magic
 35169 | Spider:2 | Reached skill level 11 in Alchemy
 35283 | Spider:2 | Reached skill level 13 in Conjurations
 35416 | Spider:2 | Reached skill level 13 in Fighting
 35416 | Spider:2 | Reached skill level 13 in Short Blades
 35416 | Spider:2 | Reached skill level 13 in Long Blades
 35416 | Spider:2 | Reached skill level 13 in Axes
 35416 | Spider:2 | Reached skill level 13 in Polearms
 35416 | Spider:2 | Reached skill level 13 in Staves
 35416 | Spider:2 | Reached skill level 13 in Ranged Weapons
 35416 | Spider:2 | Reached skill level 13 in Throwing
 35416 | Spider:2 | Reached skill level 13 in Armour
 35416 | Spider:2 | Reached skill level 13 in Shields
 35416 | Spider:2 | Reached skill level 13 in Unarmed Combat
 35416 | Spider:2 | Reached skill level 13 in Evocations
 35438 | Spider:2 | Noticed Arachne
 35478 | Spider:1 | Reached skill level 12 in Shapeshifting
 35759 | Spider:2 | Killed Arachne
 35948 | Spider:2 | Reached skill level 14 in Spellcasting
 36495 | Spider:3 | HP: 32/151 [demonic crawler (11)]
 36497 | Spider:3 | HP: 12/151 [meliai/divine providence (11)]
 36499 | Spider:3 | HP: 1/151 [meliai/divine providence (14)]
 36792 | Spider:3 | Reached XP level 19. HP: 157/157 MP: 39/39
 36979 | Spider:3 | Noticed Bai Suzhen
 37054 | Spider:3 | Noticed kuniqs's ghost (adept VSBe)
 37060 | Spider:3 | Found a runed translucent door.
 37126 | Spider:3 | Reached skill level 14 in Dodging
 37134 | Spider:3 | Reached skill level 15 in Maces & Flails
 37950 | Spider:3 | HP: 38/157 [Bai Suzhen (9)]
 37952 | Spider:3 | Killed from afar by Bai Suzhen

Illustrated notes

Levels and vault maps discovered:
D:1:      nicolae_arrival_somewhat_less_tricky_arrival, layout_loops_corners,
          serial_shops, shop, hangedman_decor_clover_reticule,
          grunt_decor_mini_mirrors, roderic_serpentine_path
D:2:      layout_basic, chequers_ecumenical_altar_simple
D:3:      layout_basic, minitemple, cheibrodos_worm_habitat,
          lemuel_crystal_altar, kennysheep_cross_room, minmay_misc_feat_chi,
          kennysheep_generic_room_7, uniq_natasha
D:4:      layout_gridville, general_overflow_altar, doesnt_xom_only_xom,
          minmay_temple_entry_poolview, minmay_lizard_king, uniq_pikel,
          uniq_duvessa, uniq_blork_the_orc, uniq_grinder
D:5:      layout_basic, serial_shops, nicolae_shop_trees
D:6:      kennysheep_six_static_rooms, layout_basic, minmay_fountain_box
D:7:      layout_layer_cave, nicolae_elyvilon_peaceful_grove,
          okawaru_altar_gauntlet_db, uniq_jeremiah
D:8:      layout_loops_cross, lair_entry_dummy, lemuel_flamethrower_2,
          uniq_prince_ribbit1
D:9:      layout_rooms, mainiacjoe_overflow_small_starburst
D:10:     minmay_firetagon, layout_irregular_city,
          nicolae_dithmenos_the_darkroom, serial_library,
          serial_library_hellmonk_angled_corner,
          serial_library_hellmonk_narrow_alcove,
          serial_library_hellmonk_open_square,
          serial_library_regret_index_split_case,
          serial_library_hellmonk_recessed_alcove, nicolae_trove_entry_diagonal,
          minmay_fractal_squares_5
D:11:     layout_loops_corners, kennysheep_orc_monster_closet_entryway
D:12:     layout_roguey, serial_corexii_hall, chequers_hall_statues_wall_a,
          corexii_hall_statues_deadend, corexii_hall_statues_x,
          corexii_hall_statues_l, zin_statuary, uniq_josephine
D:13:     layout_basic, hellmonk_vaults_order_and_chaos, st_stairs_14,
          nicolae_gozag_conspicuous_consumption
D:14:     layout_roguey, chequers_mini_garden, uniq_azrael
D:15:     gammafunk_enter_depths_forms, layout_irregular_city,
          roderic_lattice_octagonal_star
Temple:   hellmonk_temple_of_storms
Lair:1:   lemuel_slime, layout_chaotic_city, nicolae_lair_lindhole,
          infiniplex_staircase_pool_2, uniq_erica
Lair:2:   nzn_winding_woodlands_large [nzn_winding_woodlands_5x5_cross,
          nzn_winding_woodlands_5x15_twine, nzn_winding_woodlands_5x5_open_star,
          nzn_winding_woodlands_center_diamonds,
          nzn_winding_woodlands_15x15_five_gardens,
          nzn_winding_woodlands_center_triple_pond,
          nzn_winding_woodlands_5x5_default,
          nzn_winding_woodlands_5x15_sidewinder,
          nzn_winding_woodlands_5x5_perimeter], layout_gridlike,
          spider_nest_entry_a
Lair:3:   layout_loops_ring, minmay_swamp_entry_wisps, serial_bayou_lagoon_a,
          roderic_batcave, lemuel_fruit_fields
Lair:4:   layout_loops_ring, patterned_corridor, infiniplex_staircase_pool,
          lemuel_fruit_fields
Lair:5:   grunt_lair_end_beastmaster, layout_regular_city, slime_entry_1,
          basic_altar
Swamp:1:  layout_basic_swamp, portal_ice_cave_entry_dragon,
          evilmike_swamp_ruin_house_3, swamp_pool_1_2, beargit_elvish_explorers,
          uniq_frances
Swamp:2:  layout_basic_swamp, nicolae_swamp_little_swirl, swamp_pool_4,
          nicolae_swamp_decorative_isthmus, uniq_donald, uniq_aizul
Swamp:3:  layout_falls_marsh, serial_swamp_ruin, evilmike_swamp_ruin_house_6,
          evilmike_swamp_ruin_house_5
Swamp:4:  swamp, layout_basic_swamp, gammafunk_ghost_cemetery,
          nicolae_swamp_wisp_ring_woods, uniq_mara
Spider:1: layout_spider_delve
Spider:2: layout_spider_delve, nicolae_arachne_temple, uniq_arachne
Spider:3: layout_cave_pods, hellmonk_ghost_happy_afterlife, uniq_bai_suzhen
Slime:1:  layout_caves
Orc:1:    layout_diamond_mine, gammafunk_ghost_arena, basic_altar, serial_shops,
          nicolae_lakefront_shop, nicolae_orc_minecarts, uniq_nergalle
Orc:2:    pf_orc_diabolical, layout_diamond_mine,
          gammafunk_ghost_wrathful_warriors

Skill      XL: |  1  2  3  4  5  6  7  8  9 10 11 12 13 14 15 16 17 18 19 |
---------------+----------------------------------------------------------+-----
Spellcasting   | 5 6 7 8 9 10 11 12 13 14 | 14.2
Invocations    | 1 2 3 4 5 6 7 8 10 11 12 13 14 | 14.4
Fighting       | 1 2 3 5 6 7 8 9 10 11 12 13 | 13.3
Short Blades   | 1 2 3 5 6 7 8 9 10 11 12 13 | 13.3
Long Blades    | 1 2 3 5 6 7 8 9 10 11 12 13 | 13.3
Axes           | 1 2 3 5 6 7 8 9 10 11 12 13 | 13.3
Maces & Flails | 1 2 3 5 6 7 8 9 10 12 13 14 15 | 15.1
Polearms       | 1 2 3 5 6 7 8 9 10 11 12 13 | 13.3
Staves         | 1 2 3 5 6 7 8 9 10 11 12 13 | 13.3
Ranged Weapons | 1 2 3 5 6 7 8 9 10 11 12 13 | 13.3
Throwing       | 1 2 3 5 6 7 8 9 10 11 12 13 | 13.3
Armour         | 1 2 3 5 6 7 8 9 10 11 12 13 | 13.3
Shields        | 1 2 3 5 6 7 8 9 10 11 12 13 | 13.3
Unarmed Combat | 1 2 3 5 6 7 8 9 10 11 12 13 | 13.3
Evocations     | 1 2 3 5 6 7 8 9 10 11 12 13 | 13.3
Shapeshifting  | 1 2 3 4 5 6 7 8 9 10 11 12 | 12.3
Hexes          | 1 2 3 4 5 6 7 8 9 10 11 | 11.3
Summonings     | 1 2 3 4 5 6 7 8 9 10 11 | 11.3
Necromancy     | 1 2 3 4 5 6 7 8 9 10 11 | 11.3
Translocations | 1 2 3 4 5 6 7 8 9 10 11 | 11.3
Fire Magic     | 1 2 3 4 5 6 7 9 10 11 12 13 14 | 14.8
Ice Magic      | 1 2 3 4 5 6 7 8 9 10 11 | 11.3
Air Magic      | 1 2 3 4 5 6 7 8 9 10 11 | 11.3
Earth Magic    | 1 2 3 4 5 6 7 8 9 10 11 | 11.3
Alchemy        | 1 2 3 4 5 6 7 8 9 10 11 | 11.3
Dodging        | 5 6 7 8 9 10 11 12 13 14 | 14.1
Stealth        | 5 6 7 8 9 10 11 12 13 | 13.9
Conjurations   | 8 9 10 11 12 13 | 13.2

Action                     |  1- 3 |  4- 6 |  7- 9 | 10-12 | 13-15 | 16-18 | 19-21 || total
---------------------------+-------+-------+-------+-------+-------+-------+-------++-------
  Melee: Unarmed           |     1 |       |       |       |       |       |       ||     1
         Club              |    12 |       |       |       |       |       |       ||    12
         Bite              |     3 |     3 |       |     4 |       |       |       ||    10
         Dagger            |     4 |     8 |       |    17 |       |       |       ||    29
         Short sword       |       |     2 |       |     8 |       |       |       ||    10
   Fire: Longbow           |       |       |       |   406 |  1060 |  1684 |   171 ||  3321
   Cast: Magic Dart        |    59 |    73 |   175 |    67 |       |       |       ||   374
         Searing Ray       |     2 |    12 |    30 |    43 |     3 |     2 |       ||    92
         Iskenderun's Myst |       |       |     2 |    25 |    58 |   117 |     2 ||   204
         Fulminant Prism   |       |       |       |    12 |     8 |     6 |       ||    26
         Freezing Cloud    |       |       |       |       |       |    12 |     1 ||    13
         Permafrost Erupti |       |       |       |       |       |     3 |       ||     3
         Plasma Beam       |       |       |       |       |       |    21 |     7 ||    28
         Alistair's Intoxi |       |       |       |       |       |     1 |       ||     1
         Arcjolt           |       |       |       |       |       |    36 |     4 ||    40
 Invoke: Curse Item        |       |       |     4 |     1 |     1 |     1 |       ||     7
         Shatter the Chain |       |       |       |       |       |     1 |       ||     1
  Evoke: Wand              |       |       |     8 |     2 |       |     8 |       ||    18
         Gell's gravitambo |       |       |       |       |       |     3 |       ||     3
    Use: Scroll            |       |       |     1 |     3 |     3 |    10 |       ||    17
         Potion            |       |       |       |       |       |     3 |       ||     3
 Armour: Robe              |    17 |    10 |    35 |   203 |   337 |  1045 |   191 ||  1838
  Dodge: Dodged            |    16 |    22 |    85 |   396 |   715 |   972 |   148 ||  2354
         Form:             |       |       |       |       |       |     1 |       ||     1
         Serpent           |       |       |       |       |       |     1 |       ||     1

Table legend: (Time is in decaauts)
 A = Elapsed time spent in this place.
 B = Non-inter-level travel time spent in this place.
 C = Inter-level travel time spent in this place.
 D = Time resting spent in this place.
 E = Time spent auto-exploring this place.
 F = Levels seen in this place.
 G = Mean time per level.
                   A        B        C        D        E       F      G
               +--------+--------+--------+--------+--------+-----+--------+
         Total |  38280 |  33629 |   4651 |    266 |  26419 |  32 | 1196.2 |
       Dungeon |  19419 |  16843 |   2576 |      0 |  14344 |  15 | 1294.6 |
        Temple |     22 |      2 |     20 |      0 |      0 |   1 |   22.0 |
          Lair |   6309 |   5380 |    929 |      0 |   4017 |   5 | 1261.8 |
         Swamp |   4381 |   3954 |    427 |     77 |   2800 |   4 | 1095.2 |
   Spider Nest |   4184 |   4100 |     84 |      0 |   3231 |   3 | 1394.7 |
    Slime Pits |      1 |      1 |      0 |      0 |      0 |   1 |    1.0 |
  Orcish Mines |   2980 |   2367 |    613 |    138 |   1464 |   2 | 1490.0 |
      Ice Cave |    980 |    980 |      0 |     51 |    562 |   1 |  980.0 |
               +--------+--------+--------+--------+--------+-----+--------+

Top non-repeatable levels by time:
     D:7: 2029 daAuts
   Orc:2: 1948 daAuts
    D:11: 1789 daAuts
     D:1: 1728 daAuts
     D:4: 1655 daAuts
  Lair:2: 1617 daAuts
Spider:3: 1514 daAuts
Spider:1: 1481 daAuts
     D:6: 1369 daAuts
     D:3: 1363 daAuts
  Lair:1: 1273 daAuts
 Swamp:1: 1250 daAuts
    D:15: 1229 daAuts
  Lair:4: 1223 daAuts
     D:5: 1217 daAuts

Levels and vault maps discovered:
D:1:      nicolae_arrival_somewhat_less_tricky_arrival, layout_loops_corners,
          serial_shops, shop, hangedman_decor_clover_reticule,
          grunt_decor_mini_mirrors, roderic_serpentine_path
D:2:      layout_basic, chequers_ecumenical_altar_simple
D:3:      layout_basic, minitemple, cheibrodos_worm_habitat,
          lemuel_crystal_altar, kennysheep_cross_room, minmay_misc_feat_chi,
          kennysheep_generic_room_7, uniq_natasha
D:4:      layout_gridville, general_overflow_altar, doesnt_xom_only_xom,
          minmay_temple_entry_poolview, minmay_lizard_king, uniq_pikel,
          uniq_duvessa, uniq_blork_the_orc, uniq_grinder
D:5:      layout_basic, serial_shops, nicolae_shop_trees
D:6:      kennysheep_six_static_rooms, layout_basic, minmay_fountain_box
D:7:      layout_layer_cave, nicolae_elyvilon_peaceful_grove,
          okawaru_altar_gauntlet_db, uniq_jeremiah
D:8:      layout_loops_cross, lair_entry_dummy, lemuel_flamethrower_2,
          uniq_prince_ribbit1
D:9:      layout_rooms, mainiacjoe_overflow_small_starburst
D:10:     minmay_firetagon, layout_irregular_city,
          nicolae_dithmenos_the_darkroom, serial_library,
          serial_library_hellmonk_angled_corner,
          serial_library_hellmonk_narrow_alcove,
          serial_library_hellmonk_open_square,
          serial_library_regret_index_split_case,
          serial_library_hellmonk_recessed_alcove, nicolae_trove_entry_diagonal,
          minmay_fractal_squares_5
D:11:     layout_loops_corners, kennysheep_orc_monster_closet_entryway
D:12:     layout_roguey, serial_corexii_hall, chequers_hall_statues_wall_a,
          corexii_hall_statues_deadend, corexii_hall_statues_x,
          corexii_hall_statues_l, zin_statuary, uniq_josephine
D:13:     layout_basic, hellmonk_vaults_order_and_chaos, st_stairs_14,
          nicolae_gozag_conspicuous_consumption
D:14:     layout_roguey, chequers_mini_garden, uniq_azrael
D:15:     gammafunk_enter_depths_forms, layout_irregular_city,
          roderic_lattice_octagonal_star
Temple:   hellmonk_temple_of_storms
Lair:1:   lemuel_slime, layout_chaotic_city, nicolae_lair_lindhole,
          infiniplex_staircase_pool_2, uniq_erica
Lair:2:   nzn_winding_woodlands_large [nzn_winding_woodlands_5x5_cross,
          nzn_winding_woodlands_5x15_twine, nzn_winding_woodlands_5x5_open_star,
          nzn_winding_woodlands_center_diamonds,
          nzn_winding_woodlands_15x15_five_gardens,
          nzn_winding_woodlands_center_triple_pond,
          nzn_winding_woodlands_5x5_default,
          nzn_winding_woodlands_5x15_sidewinder,
          nzn_winding_woodlands_5x5_perimeter], layout_gridlike,
          spider_nest_entry_a
Lair:3:   layout_loops_ring, minmay_swamp_entry_wisps, serial_bayou_lagoon_a,
          roderic_batcave, lemuel_fruit_fields
Lair:4:   layout_loops_ring, patterned_corridor, infiniplex_staircase_pool,
          lemuel_fruit_fields
Lair:5:   grunt_lair_end_beastmaster, layout_regular_city, slime_entry_1,
          basic_altar
Swamp:1:  layout_basic_swamp, portal_ice_cave_entry_dragon,
          evilmike_swamp_ruin_house_3, swamp_pool_1_2, beargit_elvish_explorers,
          uniq_frances
Swamp:2:  layout_basic_swamp, nicolae_swamp_little_swirl, swamp_pool_4,
          nicolae_swamp_decorative_isthmus, uniq_donald, uniq_aizul
Swamp:3:  layout_falls_marsh, serial_swamp_ruin, evilmike_swamp_ruin_house_6,
          evilmike_swamp_ruin_house_5
Swamp:4:  swamp, layout_basic_swamp, gammafunk_ghost_cemetery,
          nicolae_swamp_wisp_ring_woods, uniq_mara
Spider:1: layout_spider_delve
Spider:2: layout_spider_delve, nicolae_arachne_temple, uniq_arachne
Spider:3: layout_cave_pods, hellmonk_ghost_happy_afterlife, uniq_bai_suzhen
Slime:1:  layout_caves
Orc:1:    layout_diamond_mine, gammafunk_ghost_arena, basic_altar, serial_shops,
          nicolae_lakefront_shop, nicolae_orc_minecarts, uniq_nergalle
Orc:2:    pf_orc_diabolical, layout_diamond_mine,
          gammafunk_ghost_wrathful_warriors

Table legend: (Time is in decaauts)
 A = Elapsed time spent in this place.
 B = Non-inter-level travel time spent in this place.
 C = Inter-level travel time spent in this place.
 D = Time resting spent in this place.
 E = Time spent auto-exploring this place.
 F = Levels seen in this place.
 G = Mean time per level.
                   A        B        C        D        E       F      G
               +--------+--------+--------+--------+--------+-----+--------+
         Total |  38280 |  33629 |   4651 |    266 |  26419 |  32 | 1196.2 |
       Dungeon |  19419 |  16843 |   2576 |      0 |  14344 |  15 | 1294.6 |
        Temple |     22 |      2 |     20 |      0 |      0 |   1 |   22.0 |
          Lair |   6309 |   5380 |    929 |      0 |   4017 |   5 | 1261.8 |
         Swamp |   4381 |   3954 |    427 |     77 |   2800 |   4 | 1095.2 |
   Spider Nest |   4184 |   4100 |     84 |      0 |   3231 |   3 | 1394.7 |
    Slime Pits |      1 |      1 |      0 |      0 |      0 |   1 |    1.0 |
  Orcish Mines |   2980 |   2367 |    613 |    138 |   1464 |   2 | 1490.0 |
      Ice Cave |    980 |    980 |      0 |     51 |    562 |   1 |  980.0 |
               +--------+--------+--------+--------+--------+-----+--------+

Top non-repeatable levels by time:
     D:7: 2029 daAuts
   Orc:2: 1948 daAuts
    D:11: 1789 daAuts
     D:1: 1728 daAuts
     D:4: 1655 daAuts
  Lair:2: 1617 daAuts
Spider:3: 1514 daAuts
Spider:1: 1481 daAuts
     D:6: 1369 daAuts
     D:3: 1363 daAuts
  Lair:1: 1273 daAuts
 Swamp:1: 1250 daAuts
    D:15: 1229 daAuts
  Lair:4: 1223 daAuts
     D:5: 1217 daAuts

Table legend:
 A = Kills in this place as a percentage of kills in the entire game.
 B = Kills by you in this place as a percentage of kills by you in the entire game.
 C = Kills by friends in this place as a percentage of kills by friends in the entire game.
 D = Other kills in this place as a percentage of other kills in the entire game.
 E = Experience gained in this place as a percentage of experience gained in the entire game.
 F = Experience gained in this place divided by the number of levels of this place that you have seen.
                   A       B       C       D       E      F
               +-------+-------+-------+-------+-------+----------------------
         Total | 100.0 | 100.0 |   N/A | 100.0 | 100.0 | 10381.4
       Dungeon |  35.0 |  34.9 |   N/A | 100.0 |  20.7 | 4574.4
          Lair |  23.0 |  23.0 |   N/A |   0.0 |  22.9 | 15233.4
         Swamp |  13.4 |  13.4 |   N/A |   0.0 |  25.4 | 21058.2
   Spider Nest |  15.1 |  15.1 |   N/A |   0.0 |  20.5 | 22683.0
  Orcish Mines |  10.9 |  11.0 |   N/A |   0.0 |   7.1 | 11771.5
      Ice Cave |   2.6 |   2.6 |   N/A |   0.0 |   3.5 | 11597.0
               +-------+-------+-------+-------+-------+----------------------
